 Dungeon Crawl Stone Soup version 0.29-a0-582-ge82337ba6a (webtiles) character file.

Game seed: 5983851300291069723

18570 Gibbon the Black Sun (level 12, 0/84 HPs)
             Began as a Demonspawn Necromancer on June 13, 2022.
             Was a High Priest of Kikubaaqudgha.
             Slain by an ice devil (3 damage)
             ... in an ice cave on June 14, 2022.
             The game lasted 01:37:01 (13979 turns).

Gibbon the Black Sun (Demonspawn Necromancer)      Turns: 13979, Time: 01:37:04

Health: 0/84       AC: 15    Str:  9    XL:     12   Next: 28%
Magic:  14/35      EV: 14    Int: 20    God:    Kikubaaqudgha [*****.]
Gold:   557        SH:  0    Dex: 15    Spells: 1/31 levels left

rFire   + . .      SeeInvis .   b - +3 spear "Ofyamoat" {pain, Stlth+}
rCold   + + +      Faith    +   (no shield)
rNeg    . . .      Spirit   .   t - +2 robe "Askyenev" {rElec rF+ rC+ MP+9}
rPois   +          Reflect  .   (no helmet)
rElec   +          Harm     .   W - +0 cloak {rC+}
rCorr   .          Rampage  .   U - +2 pair of gloves
Will    .....                   e - +0 pair of boots
Stlth   +++.......              i - amulet of faith
HPRegen 0.24/turn               w - ring of poison resistance
MPRegen 0.24/turn               m - ring of protection from cold

@: sanguine armoured, animating dead, slowed, very slow
A: hooves 1, foul stench 1, sanguine armour 1, demonic magic 2
a: Renounce Religion, Unearth Wretches, Torment


You were in an ice cave.
You worshipped Kikubaaqudgha.
Kikubaaqudgha was extremely pleased with you.
You visited 2 branches of the dungeon, and saw 12 of its levels.
You also visited: Bailey and Ice Cave.

You collected 655 gold pieces.
You spent 98 gold pieces at shops.

Inventory:

Hand Weapons
 a - a +1 dagger of draining
 b - the +3 spear "Ofyamoat" (weapon) {pain, Stlth+}
   (You found it on level 2 of the Dungeon)

   In the hands of one skilled in necromantic magic, it inflicts extra damage on
   living creatures.
   Stlth:     It makes you more stealthy.
Missiles
 c - 7 boomerangs (quivered)
 J - 6 poisoned darts
 L - 3 atropa-tipped darts
 T - 5 silver javelins
Armour
 e - a +0 pair of boots (worn)
 g - a +3 leather armour of positive energy
 n - the +1 robe of Immorality {Archmagi}
   (You found it on level 2 of the Dungeon)

   Archmagi:  It increases the power of your magical spells.
 t - the +2 robe "Askyenev" (worn) {rElec rF+ rC+ MP+9}
   (You found it on level 3 of the Dungeon)

   rF:        It protects you from fire.
   rC:        It protects you from cold.
   rElec:     It insulates you from electricity.
   MP:        It affects your magic capacity (+9).
 E - a +2 robe of willpower
 G - +0 acid dragon scales
 U - a +2 pair of gloves (worn)
 V - a +1 kite shield of cold resistance
 W - a +0 cloak of cold resistance (worn)
Magical Staves
 u - a staff of poison
Jewellery
 i - an amulet of faith (around neck)
 m - a ring of protection from cold (right hand)
 o - a ring of positive energy
 w - a ring of poison resistance (left hand)
 y - a ring of fire
 O - a ring of poison resistance
Wands
 j - a wand of mindburst (9)
 I - a wand of acid (5)
 Q - a wand of digging (5)
Scrolls
 d - 2 scrolls of summoning {unknown}
 f - 3 scrolls of fog
 k - 2 scrolls of blinking {unknown}
 l - a scroll of vulnerability {unknown}
 q - 5 scrolls of immolation
 s - 2 scrolls of enchant armour
 v - 3 scrolls of poison {unknown}
 z - a scroll of brand weapon {unknown}
 C - a scroll of fear {unknown}
 K - a scroll of acquirement {unknown}
 P - a scroll of amnesia
 S - a scroll of enchant weapon {unknown}
Potions
 h - 3 potions of haste
 p - 4 potions of mutation
 r - 5 potions of heal wounds
 x - 2 potions of ambrosia
 A - a potion of flight {unknown}
 B - a potion of might {unknown}
 D - a potion of invisibility {unknown}
 F - a potion of brilliance {unknown}
 H - 2 potions of curing {unknown}
 M - 2 potions of resistance {unknown}
 R - a potion of cancellation {unknown}
Miscellaneous
 N - a phantom mirror


   Skills:
 + Level 4.3 Fighting
 + Level 3.3 Polearms
 + Level 1.5 Armour
 - Level 6.0 Dodging
 - Level 2.0 Stealth
 - Level 10.0 Spellcasting
 - Level 3.0 Hexes
 + Level 15.9 Necromancy
 + Level 1.1 Air Magic
 + Level 1.1 Earth Magic
 + Level 0.1 Poison Magic
 - Level 3.0 Evocations


You had one spell level left.
You knew the following spells:

 Your Spells              Type           Power      Damage    Failure   Level
a - Necrotize             Necr           100%       1d9       0%          1
b - Vampiric Draining     Necr           65%        2d10      1%          3
c - Animate Dead          Necr           65%        N/A       1%          4
d - Agony                 Necr           65%        N/A       1%          5
e - Dispel Undead         Necr           65%        3d22      1%          4
f - Anguish               Hex/Necr       23%        N/A       1%          4
g - Borgnjor's Vile Clut  Necr/Erth      22%        N/A       6%          5
h - Corpse Rot            Necr/Pois/Air  32%        N/A       7%          4

Your spell library contained the following spells:

 Spells                   Type           Power      Damage    Failure   Level
 Sublimation of Blood     Necr           65%        N/A       0%          2
 Ensorcelled Hibernation  Hex/Ice        32%        N/A       5%          2
 Confusing Touch          Hex            22%        N/A       6%          3
 Passwall                 Tmut/Erth      10%        N/A       9%          2
 Swiftness                Air            14%        N/A       13%         3
 Cause Fear               Hex            11%        N/A       21%         4
 Simulacrum               Ice/Necr       20%        N/A       38%         6
 Hailstorm                Conj/Ice       10%        3d5       56%         4
 Ice Form                 Ice/Tmut       10%        N/A       56%         4


Dungeon Overview and Level Annotations

Branches:
Dungeon (11/15)            Temple (1/1) D:5            Lair (0/6) D:11
 Bailey (visited)           IceCv (1/1)
    Orc: D:9-12

Altars:
Ashenzari
Cheibriados
Dithmenos
Elyvilon
Fedhas
Gozag
Hepliaklqana
Kikubaaqudgha
Makhleb
Nemelex Xobeh
Okawaru
Qazlal
Ru
Sif Muna
Trog
Uskayaw
Vehumet
Wu Jian
Xom
Yredelemnul
Zin
The Shining One

Shops:
D:8 [*

Annotations:
IceCv exclusion: ice statue


Innate Abilities, Weirdness & Mutations

You have large cloven feet.
You may rarely emit foul miasma when damaged in melee.
When seriously injured, your blood forms armour. (AC +6)
Spells you cast may paralyse nearby enemies.


Message History

Unknown command.
Casting: Vampiric Draining (safe; 1% risk of failure)
Confirm with . or Enter, or press ? or * to list all spells.
Aiming: Dispel Undead (safe; 1% risk of failure)
Press: ? - help, Shift-Dir - straight line, f - freezing wraith, p - ice devil
Aim: a freezing wraith (foul pestilence, lightly damaged, 100% to hit)
The freezing wraith is dispelled!!
Malevolent energies surge around you.
Your ugly thing zombie hits the ice devil!
The ice devil dies!
Kikubaaqudgha accepts your kill.
You hit the freezing wraith.
The freezing wraith is almost destroyed.
The death yak simulacrum is no longer covered in acid.
The freezing wraith hits you!
* * * LOW HITPOINT WARNING * * *
The freezing wraith freezes you. You resist.
* * * LOW HITPOINT WARNING * * *
The freezing wraith hits you!
* * * LOW HITPOINT WARNING * * *
The freezing wraith drains your vigour!
You feel yourself slow down. The ice devil hits you.
* * * LOW HITPOINT WARNING * * *
The ice devil freezes you. You resist.
* * * LOW HITPOINT WARNING * * *
The ice devil completely misses you.
Your ugly thing zombie hits the ice devil!
You swap places.
The ice devil attacks as you move away!
The ice devil hits you but does no damage.
The freezing wraith attacks as you move away!
The freezing wraith barely misses you.
The freezing wraith hits you but does no damage.
The freezing wraith hits your ugly thing zombie!
The freezing wraith freezes your ugly thing zombie.
Your ugly thing zombie resists.
The freezing wraith hits your ugly thing zombie!
The ice devil hits you.
* * * LOW HITPOINT WARNING * * *
The ice devil freezes you. You resist.
You die...
Kikubaaqudgha rasps: "You have failed me!
Welcome... death!"

#..######
##..###.......##.#
##..##
#..###........#..#
#...## ##..#
#.......##..##
##...## #..##
#......####..#
##...####.##
##......# ##.#
##...##..#
##..#8..## #..#
##..#..####..###..#
#..# #.....# #..##
#..# ##.## ##...##
##.@###### #..#
##### ###4Z## ##.##
##.##4W# #..##
##...#4Z# ##..#
#....#..# ##.##
.4Z44..#...## #..##
..ZWZ..#..## ##..#
..4Zu8##### #..##
..ZZZ4 ##.##


You could see 3 ice devils, a freezing wraith (ally target), a death yak
simulacrum and a friendly ugly thing zombie.

Vanquished Creatures
  Josephine (D:10)
  An ice dragon (D:11)
  An ogre mage (D:8)
  A centaur warrior (D:8)
  3 two-headed ogres
  An orc knight (D:8)
  An ugly thing (IceCv)
  3 freezing wraiths (IceCv)
  An ice devil (IceCv)
  3 entropy weaver simulacra (IceCv)
  A troll (D:11)
  2 hornets
  Sigmund (D:3)
  5 wraiths (D:10)
  2 wyverns (D:7)
  11 yaks
  A shadow (D:10)
  2 dire elephant simulacra (IceCv)
  A basilisk (D:11)
  Grum (D:10)
  2 acid dragons
  2 death yak simulacra (IceCv)
  2 vampire mosquitoes (D:11)
  A water moccasin (D:7)
  9 orc warriors
  A black bear (D:5)
  2 ice beasts
  A sky beast (D:6)
  2 wolves (D:10)
  An ogre (D:5)
  8 centaurs
  5 bullfrogs
  5 scorpions
  7 wights
  4 cane toad simulacra (IceCv)
  An elephant simulacrum (IceCv)
  4 killer bees
  A howler monkey (D:9)
  2 jellies
  6 hounds
  4 orc priests
  A gnoll shaman (D:6)
  14 orc wizards
  7 iguanas
  A troll simulacrum (IceCv)
  2 polar bear simulacra (IceCv)
  A spriggan simulacrum (IceCv)
  3 wolf simulacra (IceCv)
  8 gnolls
  7 adders
  2 naga simulacra (IceCv)
  2 shadow imps
  2 white imps (IceCv)
  An ufetubus (D:5)
  A worm (D:3)
  A dart slug (D:3)
  48 orcs
  8 endoplasms
  2 giant cockroaches
  10 hobgoblins
  12 jackals
  8 kobolds
  6 quokkas
  5 ball pythons
  3 bats
  3 frilled lizards
  27 goblins
  4 rats
302 creatures vanquished.

Vanquished Creatures (collateral kills)
  A kobold demonologist (D:11)
  An ice devil (IceCv)
  A polar bear (D:11)
  A vampire mosquito (D:11)
  A water moccasin (D:11)
  3 orc warriors
  2 wolves (D:11)
  3 wights (D:8)
  2 killer bees (D:9)
  An iguana (D:6)
  2 orc wizards (D:5)
  A gnoll (D:2)
  A white imp (D:6)
  A worm (D:2)
  5 orcs
  An endoplasm (D:2)
  2 giant cockroaches (D:3)
  A goblin (D:1)
  A quokka (D:5)
31 creatures vanquished.

Vanquished Creatures (others)
  A two-headed ogre (D:11)
  A rime drake (D:11)
  A polar bear (D:11)
  A wyvern (D:11)
  3 yaks
  An ogre zombie (D:8)
  2 water moccasins (D:11)
  An orc warrior (Bailey)
  A wolf (D:11)
  2 vampire mosquito zombies (D:11)
  A water moccasin zombie (D:11)
  5 yak zombies
  A killer bee (D:11)
  A polar bear zombie (D:11)
  5 wolf zombies
  A bullfrog zombie (D:8)
  A scorpion zombie (D:6)
  2 hound zombies (D:6)
  An adder (D:8)
  A gnoll (Bailey)
  4 adder zombies
  2 iguana zombies
  A jelly zombie (D:6)
  An orc (Bailey)
  A bat zombie (D:3)
  3 gnoll zombies
  A ball python zombie (D:3)
  A giant cockroach zombie (D:3)
  5 goblin zombies (Bailey)
  A hobgoblin zombie (Bailey)
  22 orc zombies
  8 fungi (D:11)
  24 plants
107 creatures vanquished.

Grand Total: 440 creatures vanquished

Notes
Turn   | Place    | Note
-------+----------+-------------------------------------------
     0 | D:1      | Gibbon the Demonspawn Necromancer began the quest for the
                  | Orb.
     0 | D:1      | Reached XP level 1. HP: 13/13 MP: 3/3
   235 | D:1      | Gained mutation: Spells you cast may paralyse adjacent
                  | enemies. [demonic ancestry]
   235 | D:1      | Reached XP level 2. HP: 10/19 MP: 3/5
   791 | D:1      | Reached XP level 3. HP: 17/24 MP: 0/6
   795 | D:1      | Learned a level 3 spell: Vampiric Draining
  1769 | D:2      | Reached skill level 5 in Necromancy
  1772 | D:2      | Reached skill level 1 in Fighting
  1776 | D:2      | Gained mutation: You have large cloven feet. [demonic
                  | ancestry]
  1776 | D:2      | Reached XP level 4. HP: 32/32 MP: 0/8
  2215 | D:2      | Learned a level 4 spell: Animate Dead
  2282 | D:2      | Identified the +1 robe of Immorality {Archmagi}
  2520 | D:2      | Reached XP level 5. HP: 31/38 MP: 3/9
  2648 | D:2      | Identified the +3 spear "Ofyamoat" {pain, Stlth+}
  2868 | D:3      | Identified the +2 robe "Askyenev" {rElec rF+ rC+ MP+9}
  3020 | D:3      | Reached skill level 6 in Necromancy
  3056 | D:3      | Found a faded altar of an unknown god.
  3102 | D:3      | Reached XP level 6. HP: 41/44 MP: 11/11
  3164 | D:3      | Noticed Sigmund
  3173 | D:3      | Killed Sigmund
  3281 | D:3      | Learned a level 5 spell: Agony
  3830 | D:4      | Reached skill level 7 in Necromancy
  3830 | D:4      | Reached XP level 7. HP: 50/50 MP: 14/14
  4172 | D:5      | Entered Level 5 of the Dungeon
  4182 | D:5      | Reached skill level 5 in Spellcasting
  4186 | D:5      | Learned a level 3 spell: Swiftness
  4313 | D:5      | Reached skill level 1 in Armour
  4389 | D:5      | Reached skill level 1 in Polearms
  4551 | D:5      | Reached XP level 8. HP: 42/56 MP: 15/15
  4579 | D:5      | Reached skill level 8 in Necromancy
  4609 | D:5      | Got the Collected Works on the Oath
  4686 | D:5      | Found a staircase to the Ecumenical Temple.
  4863 | Temple   | Entered the Ecumenical Temple
  4932 | Temple   | Became a worshipper of Kikubaaqudgha
  5117 | D:6      | Reached skill level 9 in Necromancy
  5201 | D:6      | Reached * piety under Kikubaaqudgha
  5201 | D:6      | Received a gift from Kikubaaqudgha
  5210 | D:6      | Reached skill level 10 in Necromancy
  6315 | D:7      | Found a flagged portal.
  6332 | Bailey   | Entered a bailey
  6407 | Bailey   | Gained mutation: When seriously injured, your blood forms
                  | armour. (AC +6) [demonic ancestry]
  6407 | Bailey   | Reached XP level 9. HP: 37/63 MP: 16/16
  6545 | Bailey   | Reached ** piety under Kikubaaqudgha
  6553 | Bailey   | Reached skill level 11 in Necromancy
  6743 | Bailey   | Noticed an orc warlord
  7591 | D:7      | Reached skill level 12 in Necromancy
  7652 | D:7      | Learned a level 4 spell: Anguish
  7750 | D:7      | Reached skill level 1 in Hexes
  7771 | D:7      | Reached *** piety under Kikubaaqudgha
  7771 | D:7      | Received a gift from Kikubaaqudgha
  8036 | D:7      | Found a stormy altar of Qazlal.
  8423 | D:7      | Upgraded the game from 0.29-a0-575-g0dc89cf053 to
                  | 0.29-a0-582-ge82337ba6a
  8549 | D:8      | Found Vir Jam's Assorted Antiques.
  8562 | D:8      | Bought a scroll labelled KUMAOMYE GAPN for 34 gold pieces
  8562 | D:8      | Bought a scroll labelled EJIEHU ANWEIBO for 34 gold pieces
  8562 | D:8      | Bought a viscous white potion for 30 gold pieces
  8594 | D:8      | Reached skill level 5 in Dodging
  8594 | D:8      | Noticed an orc knight
  8622 | D:8      | Gained mutation: You may rarely emit foul miasma when
                  | damaged in melee. [demonic ancestry]
  8622 | D:8      | Reached XP level 10. HP: 51/70 MP: 19/19
  8869 | D:8      | Found Hierorur's Armour Emporium.
  8978 | D:8      | Learned a level 4 spell: Dispel Undead
 10353 | D:9      | Reached skill level 1 in Evocations
 10924 | D:10     | Entered Level 10 of the Dungeon
 11122 | D:10     | Reached skill level 13 in Necromancy
 11176 | D:10     | Noticed Grum
 11188 | D:10     | Killed Grum
 11188 | D:10     | Reached **** piety under Kikubaaqudgha
 11195 | D:10     | Noticed Josephine
 11213 | D:10     | Your ally Grum died
 11214 | D:10     | Killed Josephine
 11216 | D:10     | Reached XP level 11. HP: 17/77 MP: 1/21
 11923 | D:10     | Noticed a two-headed ogre
 11930 | D:10     | Killed a two-headed ogre
 11931 | D:10     | Reached skill level 14 in Necromancy
 12040 | D:10     | Noticed a two-headed ogre
 12070 | D:10     | Killed a two-headed ogre
 12284 | D:11     | Noticed a two-headed ogre
 12288 | D:11     | Killed a two-headed ogre
 12479 | D:11     | Noticed an ice dragon
 12486 | D:11     | Noticed a two-headed ogre
 12496 | D:11     | Killed an ice dragon
 12497 | D:11     | Reached skill level 15 in Necromancy
 12499 | D:11     | Killed a two-headed ogre
 12501 | D:11     | Reached ***** piety under Kikubaaqudgha
 12506 | D:11     | Found a staircase to the Lair.
 12520 | D:11     | Found a frozen archway.
 12531 | IceCv    | Entered an ice cave
 12537 | IceCv    | Gained mutation: Spells you cast may paralyse nearby
                  | enemies. [demonic ancestry]
 12537 | IceCv    | Reached XP level 12. HP: 49/83 MP: 25/25
 13467 | IceCv    | Reached skill level 10 in Spellcasting
 13551 | IceCv    | Learned a level 5 spell: Borgnjor's Vile Clutch
 13556 | IceCv    | Learned a level 4 spell: Corpse Rot
 13760 | IceCv    | Found an ancient bone altar of Kikubaaqudgha.
 13976 | IceCv    | Reached skill level 1 in Air Magic
 13976 | IceCv    | Reached skill level 1 in Earth Magic
 13979 | IceCv    | HP: 3/84 [ice devil (2)]
 13979 | IceCv    | Slain by an ice devil

Illustrated notes

Levels and vault maps discovered:
D:1:      elethiomel_arrival_shortcut, layout_loops_ring, kennysheep_boxes
D:2:      layout_loops_corners
D:3:      layout_basic, ebering_ecumenical_altar_box, uniq_sigmund
D:4:      layout_basic
D:5:      layout_basic, temple_doors_ab, minmay_a_box_with_orc_wizards_in_it
D:6:      layout_loops_cross
D:7:      layout_basic, nicolae_qazlal_style_of_elements, enter_bailey_3,
          corexii_item_surrounded_by_moat
D:8:      layout_basic, serial_shops, shop, nicolae_shop_hallway_plus
D:9:      minmay_inner_zag, layout_basic, serial_bayou_crossing
D:10:     layout_irregular_city, uniq_grum, uniq_josephine
D:11:     layout_loops_ring, minmay_lair_entry_grove,
          portal_ice_cave_entry_animals_and_master
Temple:   nicolae_temple_the_god_donut
IceCv:    ice_cave_small_necro

Skill      XL: |  1  2  3  4  5  6  7  8  9 10 11 12 |
---------------+-------------------------------------+-----
Stealth        | 2 |  2.0
Dodging        | 2 3 4 5 6 |  6.0
Necromancy     | 5 6 7 10 12 13 15 | 15.9
Fighting       | 1 2 3 4 |  4.3
Spellcasting   | 3 4 5 6 9 10 | 10.0
Armour         | 1 |  1.5
Polearms       | 2 3 |  3.3
Hexes          | 3 |  3.0
Evocations     | 3 |  3.0
Air Magic      | 1 |  1.1
Earth Magic    | 1 |  1.1
Poison Magic   | |  0.1

Action                   |  1- 3 |  4- 6 |  7- 9 | 10-12 || total
-------------------------+-------+-------+-------+-------++-------
Melee: Dagger            |    50 |     3 |     3 |       ||    56
       Unarmed           |     1 |       |       |       ||     1
       Spear             |     6 |    91 |   322 |   215 ||   634
       Kick              |       |     3 |       |       ||     3
       Punch             |       |       |     2 |     3 ||     5
Throw: Boomerang         |     7 |     1 |    14 |    10 ||    32
       Dart              |       |       |       |     5 ||     5
 Cast: Necrotize         |    52 |    26 |    34 |     3 ||   115
       Vampiric Draining |       |     5 |    30 |    16 ||    51
       Animate Dead      |       |     2 |    12 |     6 ||    20
       Agony             |       |       |     9 |     6 ||    15
       Anguish           |       |       |     1 |     9 ||    10
       Dispel Undead     |       |       |       |    46 ||    46
       Borgnjor's Vile C |       |       |       |     1 ||     1
Invok: Unearth Wretches  |       |       |     2 |     1 ||     3
Evoke: Wand              |       |       |       |    12 ||    12
  Use: Potion            |     1 |       |       |     1 ||     2
       Scroll            |     3 |       |     9 |     7 ||    19
 Stab: Sleeping          |     2 |     2 |     4 |     3 ||    11
       Paralysed         |     4 |     9 |    44 |    40 ||    97
       Distracted        |       |       |     1 |     2 ||     3
Armor: Robe              |     7 |    28 |    73 |    55 ||   163
       Leather armour    |     1 |     1 |       |       ||     2
Dodge: Dodged            |    38 |    56 |   163 |   173 ||   430

Table legend: (Time is in decaauts)
 A = Elapsed time spent in this place.
 B = Non-inter-level travel time spent in this place.
 C = Inter-level travel time spent in this place.
 D = Time resting spent in this place.
 E = Time spent auto-exploring this place.
 F = Levels seen in this place.
 G = Mean time per level.
                   A        B        C        D        E       F      G
               +--------+--------+--------+--------+--------+-----+--------+
         Total |  14012 |  14002 |     10 |   4370 |      0 |  14 | 1000.9 |
       Dungeon |  11497 |  11487 |     10 |   2711 |      0 |  11 | 1045.2 |
        Temple |     81 |     81 |      0 |      0 |      0 |   1 |   81.0 |
        Bailey |    984 |    984 |      0 |    616 |      0 |   1 |  984.0 |
      Ice Cave |   1448 |   1448 |      0 |   1043 |      0 |   1 | 1448.0 |
               +--------+--------+--------+--------+--------+-----+--------+

Top non-repeatable levels by time:
     D:1: 1579 daAuts
   IceCv: 1448 daAuts
     D:9: 1443 daAuts
     D:8: 1339 daAuts
     D:2: 1193 daAuts
     D:7: 1168 daAuts
    D:10: 1097 daAuts
     D:5: 1055 daAuts
  Bailey: 984 daAuts
     D:6: 969 daAuts
     D:4: 737 daAuts
     D:3: 666 daAuts
    D:11: 244 daAuts
  Temple: 81 daAuts
